 Dungeon Crawl Stone Soup version 0.29-a0-221-gceb61267dd (webtiles) character file.

Game seed: 14877837763745256032

1796 horus123 the Destroyer (level 8, -8/41 HPs)
             Began as a Deep Elf Conjurer on Feb 26, 2022.
             Was a Follower of Sif Muna.
             Shot with an arrow by a centaur (13 damage)
             ... on level 7 of the Dungeon.
             The game lasted 00:11:54 (7780 turns).

horus123 the Destroyer (Deep Elf Conjurer)          Turns: 7780, Time: 00:11:55

Health: -8/41      AC:  4    Str:  9    XL:     8   Next: 83%
Magic:  15/17      EV: 13    Int: 26    God:    Sif Muna [*.....]
Gold:   356        SH:  0    Dex: 17    Spells: 6/17 levels left

rFire   . . .      SeeInvis .   i - +0 long sword
rCold   . . .      Faith    .   (no shield)
rNeg    . . .      Spirit   .   j - +1 robe of Purpose {Str+3 Dex+4}
rPois   .          Reflect  .   (no helmet)
rElec   .          Harm     .   (no cloak)
rCorr   .          Rampage  .   b - +0 pair of gloves
Will    .....                   (no boots)
Stlth   ++........              (no amulet)
HPRegen 0.13/turn               a - ring "Velakkum" {Wiz Str+2}
MPRegen 0.15/turn               (no ring)

@: no status effects
A: no striking features
a: Renounce Religion, Channel Magic


You were on level 7 of the Dungeon.
You worshipped Sif Muna.
Sif Muna was aware of your devotion.
You visited 1 branch of the dungeon, and saw 7 of its levels.

You collected 356 gold pieces.

Inventory:

Hand Weapons
 i - a +0 long sword (weapon)
Missiles
 k - a throwing net
Armour
 b - a +0 pair of gloves (worn)
 j - the +1 robe of Purpose (worn) {Str+3 Dex+4}
   (You found it on level 3 of the Dungeon)

   Str:       It affects your strength (+3).
   Dex:       It affects your dexterity (+4).
Jewellery
 a - the ring "Velakkum" (left hand) {Wiz Str+2}
   (You acquired it on level 4 of the Dungeon)

   [ring of wizardry]

   It improves your spell success rate.
   Str:       It affects your strength (+2).
Wands
 e - a wand of acid (3)
 g - a wand of iceblast (9)
 n - a wand of flame (19)
Scrolls
 f - a scroll of magic mapping
 h - 5 scrolls of blinking
 m - a scroll of fog
 p - a scroll of amnesia
 r - a scroll of teleportation
 t - a scroll of enchant armour {unknown}
Potions
 c - a potion of brilliance
 d - a potion of ambrosia
 l - a potion of attraction {unknown}
 o - a potion of curing {unknown}
 q - a potion of resistance {unknown}
 s - a potion of flight {unknown}


   Skills:
 - Level 2.4 Dodging
 - Level 2.4 Stealth
 - Level 5.0 Spellcasting
 - Level 9.3 Conjurations
 - Level 7.1 Hexes
 + Level 6.3 Invocations


You had 6 spell levels left.
You knew the following spells:

 Your Spells              Type           Power      Damage    Failure   Level
a - Magic Dart            Conj           100%       1d8       1%          1
b - Searing Ray           Conj           100%       2d8       1%          2
c - Iskenderun's Mystic   Conj/Tloc      30%        2d8       4%          4
d - Fulminant Prism       Conj/Hex       24%        3d13      1%          4

Your spell library contained the following spells:

 Spells                   Type           Power      Damage    Failure   Level
 Dazzling Flash           Conj/Hex       98%        N/A       1%          3
 Stone Arrow              Conj/Erth      60%        3d10      1%          3
 Tukima's Dance           Hex            43%        N/A       1%          3
 Sandblast                Erth           12%        2d6       3%          1
 Spider Form              Tmut/Pois      6%         N/A       9%          3
 Yara's Violent Unravell  Hex/Tmut       12%        3d7       21%         5
 Animate Armour           Summ/Erth      12%        N/A       28%         4
 Passage of Golubria      Tloc           6%         N/A       28%         4
 Conjure Ball Lightning   Conj/Air       15%        3x3d6     54%         6
 Discord                  Hex            21%        N/A       100%        8
 Disjunction              Tloc           3%         N/A       100%        8
 Lehudib's Crystal Spear  Conj/Erth      15%        10d5      100%        8


Dungeon Overview and Level Annotations

Branches:
Dungeon (7/15)             Temple (0/1) D:5

Altars:
Ashenzari
Dithmenos
Elyvilon
Ru
Sif Muna

Annotations:
D:4 2 runed translucent doors, bladeefan's ghost, amateur DsFi


Message History

The orc warrior is almost dead.
The orc warrior hits you from afar with a +0 trident!
The searing ray hits the orc warrior.
The orc warrior is almost dead.
An orc comes into view. It is wielding a +0 hand axe.
The orc warrior hits you from afar with a +0 trident!
* * * LOW HITPOINT WARNING * * *
The searing ray hits the orc warrior!
You kill the orc warrior!
Sif Muna accepts your kill.
You finish channelling your searing ray.
Your Invocations skill increases to level 6!
A centaur comes into view.
The orc hits you with a +0 mace.
* * * LOW HITPOINT WARNING * * *
The orc shouts!
The centaur wields a +0 shortbow.
The centaur shoots an arrow.
The arrow barely misses you.
The centaur shoots an arrow.
The arrow hits you.
* * * LOW HITPOINT WARNING * * *
You feel less invigorated.
Casting: Searing Ray (safe; 1% risk of failure)
Confirm with . or Enter, or press ? or * to list all spells.
Aiming: Searing Ray (safe; 1% risk of failure)
Press: ? - help, Shift-Dir - straight line, f - orc
Aim: an orc, wielding a +0 mace and wearing a +0 leather armour (83% to hit)
The searing ray misses the orc.
The searing ray hits the orc!
You kill the orc!
Sif Muna accepts your kill.
The searing ray hits the centaur.
The centaur is moderately wounded. (Press . to maintain the ray.)
The orc hits you but does no damage.
The searing ray hits the orc!
You kill the orc!
Sif Muna accepts your kill.
The searing ray hits the centaur!
The centaur is heavily wounded.
The centaur shoots an arrow.
The arrow hits you!
You die...

#.# ##.## .. #.###..#
... ##....## .... .
##...###..... ##.
##..#....... ##..
##...†......
#..#######...........
##.....#.o....)....###
##.......@))c......##
.
##........####.....##
..##.......### ###...#
.........### #.....#
#......### ........
#...#.....## #...###..
... ###....### #...#
#. # ###....##...#
##........#


You could see a centaur and an orc.

Vanquished Creatures
  Grinder (D:6)
  Sigmund (D:5)
  A sky beast (D:5)
  An orc warrior (D:7)
  2 ogres
  A necrophage (D:6)
  2 phantoms
  A bullfrog (D:7)
  2 scorpions (D:4)
  A howler monkey (D:6)
  3 jellies
  2 orc priests (D:3)
  A gnoll shaman (D:6)
  3 hounds
  2 iguanas (D:5)
  Ijyb (D:5)
  Terence (D:2)
  An orc wizard (D:4)
  10 gnolls
  6 adders
  An ufetubus (D:5)
  A dart slug (D:1)
  2 worms
  17 orcs
  7 ball pythons
  3 bats (D:1)
  7 endoplasms
  3 giant cockroaches
  5 hobgoblins
  7 jackals
  7 quokkas
  6 goblins
  8 kobolds
  A rat (D:3)
118 creatures vanquished.

Vanquished Creatures (others)
  A fulminant prism (D:7)
1 creature vanquished.

Grand Total: 119 creatures vanquished

Notes
Turn   | Place    | Note
-------+----------+-------------------------------------------
     0 | D:1      | horus123 the Deep Elf Conjurer began the quest for the Orb.
     0 | D:1      | Reached XP level 1. HP: 10/10 MP: 6/6
   225 | D:1      | Reached XP level 2. HP: 15/15 MP: 5/9
   306 | D:1      | Learned a level 2 spell: Searing Ray
   792 | D:1      | Reached XP level 3. HP: 19/19 MP: 8/11
   944 | D:1      | Reached skill level 5 in Spellcasting
  1495 | D:2      | Noticed Terence
  1503 | D:2      | Killed Terence
  1504 | D:2      | Reached skill level 5 in Conjurations
  1998 | D:2      | Reached XP level 4. HP: 24/24 MP: 10/13
  2003 | D:2      | Learned a level 4 spell: Iskenderun's Mystic Blast
  2008 | D:2      | Learned a level 4 spell: Fulminant Prism
  2386 | D:3      | Noticed an ogre
  2392 | D:3      | Killed an ogre
  2393 | D:3      | Reached skill level 6 in Conjurations
  2393 | D:3      | Reached XP level 5. HP: 28/28 MP: 6/14
  2869 | D:3      | Reached skill level 7 in Conjurations
  3115 | D:3      | Found a shimmering blue altar of Sif Muna.
  3134 | D:3      | Became a worshipper of Sif Muna the Loreminder
  3293 | D:3      | Found a sacrificial altar of Ru.
  3294 | D:3      | Found a broken altar of Ashenzari.
  3446 | D:3      | Identified the +1 robe of Purpose {Str+3 Dex+4}
  3510 | D:4      | Reached XP level 6. HP: 32/32 MP: 13/15
  3748 | D:4      | Identified a scroll of acquirement
  3748 | D:4      | Acquired the ring "Velakkum" {Wiz Str+2}
  3796 | D:4      | Reached skill level 8 in Conjurations
  4236 | D:4      | Reached * piety under Sif Muna
  4237 | D:4      | Reached XP level 7. HP: 26/36 MP: 6/16
  4379 | D:4      | You fall into a shaft and drop 2 floors!
  4562 | D:5      | Entered Level 5 of the Dungeon
  4597 | D:5      | Reached skill level 9 in Conjurations
  5164 | D:4      | Found a large runed translucent door.
  5164 | D:4      | Found a large runed translucent door.
  5166 | D:4      | Noticed bladeefan's ghost (amateur DsFi)
  5335 | D:5      | Noticed Sigmund
  5342 | D:5      | Killed Sigmund
  5619 | D:5      | Reached skill level 5 in Hexes
  5761 | D:5      | Got Periyhos's Collected Works on Unstable Clay
  5815 | D:5      | Found a staircase to the Ecumenical Temple.
  5980 | D:5      | Reached XP level 8. HP: 41/41 MP: 12/17
  6367 | D:5      | Noticed Ijyb
  6376 | D:5      | Killed Ijyb
  6845 | D:6      | Reached skill level 1 in Invocations
  6955 | D:6      | Noticed Grinder
  6971 | D:6      | Killed Grinder
  7183 | D:6      | Found a shadowy altar of Dithmenos.
  7198 | D:6      | Reached skill level 5 in Invocations
  7250 | D:6      | Found a white marble altar of Elyvilon.
  7771 | D:7      | Reached ** piety under Sif Muna
  7780 | D:7      | Shot with an arrow by a centaur

Illustrated notes

Levels and vault maps discovered:
D:1:      mrwooster_arrival_statue_3, layout_basic
D:2:      layout_loops_ring, grunt_ministairs_12, uniq_terence
D:3:      layout_basic, mainiacjoe_overflow_boulevard,
          mainiacjoe_overflow_divided_tiny
D:4:      layout_cave_pools, ebering_ghost_disaster_area
D:5:      layout_loops_corners, temple_statues, kennysheep_another_room,
          serial_park_tiny_1, uniq_sigmund, uniq_ijyb
D:6:      layout_basic, nicolae_dithmenos_through_a_glass_darkly,
          lemuel_tele_altar, hangedman_decor_opposing, uniq_grinder
D:7:      layout_layer_cave, serial_shops, shop,
          nicolae_shop_bloodbath_and_beyond, nicolae_square_shop, shop,
          nicolae_shop_advertising_works [nicolae_subvault_shop_adworks],
          kb_rosetta

Skill      XL: |  1  2  3  4  5  6  7  8 |
---------------+-------------------------+-----
Spellcasting   | 4 5 |  5.0
Conjurations   | 5 6 7 8 9 |  9.3
Hexes          | 5 7 |  7.1
Invocations    | 6 |  6.3
Dodging        | |  2.4
Stealth        | |  2.4

Action                   |  1- 3 |  4- 6 |  7- 9 || total
-------------------------+-------+-------+-------++-------
Melee: Long sword        |       |       |     3 ||     3
       Punch             |       |       |     1 ||     1
 Cast: Magic Dart        |    73 |    68 |    48 ||   189
       Searing Ray       |     1 |    14 |    27 ||    42
       Iskenderun's Myst |       |       |     3 ||     3
       Fulminant Prism   |       |       |     1 ||     1
Invok: Channel Magic     |       |       |     1 ||     1
  Use: Scroll            |     6 |     6 |     2 ||    14
Armor: Robe              |     2 |     1 |     8 ||    11
Dodge: Dodged            |     9 |    17 |    27 ||    53

Table legend: (Time is in decaauts)
 A = Elapsed time spent in this place.
 B = Non-inter-level travel time spent in this place.
 C = Inter-level travel time spent in this place.
 D = Time resting spent in this place.
 E = Time spent auto-exploring this place.
 F = Levels seen in this place.
 G = Mean time per level.
                   A        B        C        D        E       F      G
               +--------+--------+--------+--------+--------+-----+--------+
         Total |   7783 |   7671 |    112 |   1608 |   5078 |   7 | 1111.9 |
       Dungeon |   7783 |   7671 |    112 |   1608 |   5078 |   7 | 1111.9 |
               +--------+--------+--------+--------+--------+-----+--------+

Top non-repeatable levels by time:
     D:5: 1812 daAuts
     D:1: 1551 daAuts
     D:3: 1495 daAuts
     D:6: 1086 daAuts
     D:4: 933 daAuts
     D:2: 828 daAuts
     D:7: 75 daAuts
